 Dungeon Crawl Stone Soup version 0.23-a0-696-gf95311e5ea (webtiles) character file.

89 LLavrengius the Stinger (level 4, 0/27 HPs)
             Began as an Octopode Venom Mage on Jan 12, 2019.
             Slain by an orc
             ... wielding a +0 short sword
              (3 damage)
             ... on level 2 of the Dungeon.
             The game lasted 00:07:40 (1995 turns).

LLavrengius the Stinger (Octopode Venom Mage)       Turns: 1995, Time: 00:07:42

Health: 0/27       AC:  1    Str:  7    XL:     4   Next: 55%
Magic:  5/8        EV: 13    Int: 18    God:
Gold:   40         SH:  0    Dex: 12    Spells: 1/8 levels left

rFire    . . .     SeeInvis .   d - +2 short sword (venom)
rCold    . . .     Gourm    .   (no shield)
rNeg     . . .     Faith    .   (helmet restricted)
rPois    .         Spirit   .   (no amulet)
rElec    .         Reflect  .   (no ring)
rCorr    .         Harm     .   (no ring)
MR       .....                  (no ring)
Stlth    +++.......             (no ring)
HPRegen  0.09/turn              (no ring)
MPRegen  0.11/turn              (no ring)
                                (no ring)
                                (no ring)

@: very slightly contaminated
A: almost no armour, stealthy swim, amphibious, 8 rings, constrict 8, camouflage
1, gelatinous body 1
a: no special abilities


You were on level 2 of the Dungeon.
You were hungry.

You visited 1 branch of the dungeon, and saw 3 of its levels.

You collected 40 gold pieces.

Inventory:

Hand Weapons
 d - a +2 short sword of venom (weapon)
 g - a +2 short sword of draining
 n - a cursed -2 spear
Missiles
 i - a throwing net (quivered)
 m - 6 javelins
Scrolls
 a - 5 scrolls of teleportation {unknown}
 c - a scroll of enchant armour {unknown}
 f - 2 scrolls of identify {unknown}
 h - a scroll of fear {unknown}
 l - a scroll of immolation {unknown}
Potions
 e - a potion of degeneration {unknown}
 k - a potion of heal wounds {unknown}
Comestibles
 b - 3 rations
 j - a chunk of flesh


   Skills:
 + Level 1.3 Short Blades
 - Level 2.0 Dodging
 - Level 3.0 Stealth
 + Level 2.7 Spellcasting
 - Level 1.0 Conjurations
 + Level 5.2 Poison Magic


You had one spell level left.
You knew the following spells:

 Your Spells              Type           Power        Failure   Level  Hunger
a - Sting                 Conj/Pois      ##..         4%          1    #......
b - Poisonous Vapours     Pois/Air       ##....       9%          2    ##.....
c - Olgreb's Toxic Radia  Pois           ###.....     19%         4    #####..

Your spell library contained the following spells:

 Spells                   Type           Power        Failure   Level  Hunger
 Mephitic Cloud           Conj/Pois/Air  #.......     22%         3    ###....
 Venom Bolt               Conj/Pois      ##........   78%         5    ######.


Dungeon Overview and Level Annotations

Branches:
Dungeon (3/15)

Altars:
Vehumet
Wu Jian


Innate Abilities, Weirdness & Mutations

You cannot wear most types of armour.
You are very stealthy in the water. (Stealth+)
You are amphibious.
You can wear up to eight rings at the same time.
You can use your tentacles to constrict eight enemies at once.
Your skin changes colour to match your surroundings (Stealth+).
Your rubbery body absorbs attacks. (AC +1, EV +1)


Message History

The orc closely misses you. The orc completely misses you.
You closely miss the orc. Your grab misses the orc.
The orc hits you with a +0 short sword.
* * * LOW HITPOINT WARNING * * *
The orc closely misses you.
You hit the orc.
The orc is poisoned.
You grab the orc.
The orc is lightly wounded.
You constrict the orc. The orc barely misses you.
The orc hits you with a +0 hand axe.
* * * LOW HITPOINT WARNING * * *
You closely miss the orc. You grab the orc. You squeeze the orc.
The orc is lightly wounded.
You constrict the orc. x2; The orc misses you.
The orc barely misses you.
You hit the orc.
The orc is poisoned.
The orc is severely wounded.
You constrict the orc.
You constrict the orc, but do no damage.
You kill the orc!
The orc hits you with a +0 short sword.
You die...

######.#####..# #.# #.#
#..# #.########### ####
#.# #..# #..<.........
...# #.# #..#
#########...#
##.###.#####..##########
#.#.#
#...÷........##.......#
#....
#########.#.###.♣.♣.♣)#
#..#) #.#.# #)o.....###
#.##. #.#.# #@........#
#..## #.#.# #)......#.#
#..## #.#.# #.♣.♣.♣.#.#
#..## #.#.###.......#.#
#.##.
#.....#########.####..#.
###.### #.............
#.##################..
#...............# ###
###############.# #


You could see an orc.

Vanquished Creatures
  2 adders (D:2)
  A dart slug (D:2)
  4 leopard geckos
  4 orcs
  11 bats
  A giant cockroach (D:2)
  8 goblins
  7 hobgoblins
  A quokka (D:2)
  3 frilled lizards
  7 kobolds (D:1)
  7 rats
56 creatures vanquished.

Notes
Turn   | Place    | Note
-------+----------+-------------------------------------------
     0 | D:1      | LLavrengius the Octopode Venom Mage began the quest for the
                  | Orb.
     0 | D:1      | Reached XP level 1. HP: 11/11 MP: 3/3
   127 | D:1      | Reached skill level 4 in Poison Magic
   294 | D:1      | Reached XP level 2. HP: 17/17 MP: 5/5
   490 | D:1      | Learned a level 2 spell: Poisonous Vapours
   647 | D:1      | Reached XP level 3. HP: 16/21 MP: 6/6
  1180 | D:2      | Reached skill level 5 in Poison Magic
  1191 | D:2      | Found a radiant altar of Vehumet.
  1249 | D:2      | Reached XP level 4. HP: 27/27 MP: 7/7
  1275 | D:2      | Reached skill level 1 in Short Blades
  1810 | D:2      | Found an ornate altar of the Wu Jian Council.
  1893 | D:3      | Noticed an orc warrior
  1910 | D:2      | Learned a level 4 spell: Olgreb's Toxic Radiance
  1995 | D:2      | Slain by an orc

Vault maps used:
D:1:      dpeg_arrival_more_subterranean_lakeside_camping
D:2:      lemuel_round_altar, marbit_many_paths, grunt_ministairs_3,
          minmay_between
D:3:      kennysheep_okawaru_gauntlet, uniq_grinder

Skill      XL: |  1  2  3  4 |
---------------+-------------+-----
Poison Magic   | 4 5 |  5.2
Stealth        | 3 |  3.0
Short Blades   | 1 |  1.3
Dodging        | |  2.0
Spellcasting   | |  2.7
Conjurations   | |  1.0

Action                   |  1- 3 |  4- 6 || total
-------------------------+-------+-------++-------
Melee: Short sword       |    64 |    40 ||   104
       Unarmed           |     7 |       ||     7
       Constrict         |    25 |    11 ||    36
       Tentacles         |    11 |     7 ||    18
 Stab: Sleeping          |     7 |     2 ||     9
  Eat: Chunk             |     1 |     2 ||     3
Armor: Skin              |     1 |    13 ||    14
Dodge: Dodged            |    37 |    50 ||    87

Table legend:
 A = Non-vault XP
 B = Vault XP
 C = Vault XP percentage of total XP
 D = Non-vault monster count
 E = Vault monster count
 F = Vault count percentage of total count
                 A         B        C        D         E       F
            +---------+---------+-------+---------+---------+-------
      Total |     103 |      25 |  19.5 |      48 |       8 |  14.3
            +---------+---------+-------+---------+---------+-------
        D:1 |      46 |       0 |   0.0 |      26 |       0 |   0.0
        D:2 |      54 |      25 |  31.6 |      21 |       8 |  27.6
        D:3 |       3 |       0 |   0.0 |       1 |       0 |   0.0
            +---------+---------+-------+---------+---------+-------
